 Dungeon Crawl Stone Soup version 0.22-a0-283-g1871b15 (webtiles) character file.

1362 mhoghedin the Gusty (level 8, -2/48 HPs)
             Began as a Tengu Air Elementalist on Mar 19, 2018.
             Was a Follower of Sif Muna.
             Slain by a gnoll
             ... wielding a +0 halberd
              (14 damage)
             ... on level 5 of the Dungeon.
             The game lasted 00:21:35 (5187 turns).

mhoghedin the Gusty (Tengu Air Elementalist)        Turns: 5187, Time: 00:21:36

Health: -2/48      AC:  6    Str:  8    XL:     8   Next: 64%
Magic:  8/15       EV: 16    Int: 17    God:    Sif Muna [*.....]
Gold:   302        SH:  0    Dex: 16    Spells: 4/15 levels left

rFire    . . .     SeeInvis .   a - staff of conjuration {!a}
rCold    . . .     Gourm    .   (no shield)
rNeg     . . .     Faith    .   l - +1 robe {Archmagi}
rPois    +         Spirit   .   (helmet restricted)
rElec    .         Reflect  .   m - +2 cloak {rPois}
rCorr    .         Harm     .   (no gloves)
MR       .....                  (boots unavailable)
Stlth    ++........             (no amulet)
HPRegen  0.16/turn              h - ring of wizardry {Wiz+, !d}
MPRegen  0.14/turn              (no ring)

@: about to teleport, divine energy
A: beak, talons 3, able to fly 1
a: Fly, Stop Divine Energy, Renounce Religion


You were on level 5 of the Dungeon.
You worshipped Sif Muna.
Sif Muna was aware of your devotion.
You were near starving.

You visited 1 branch of the dungeon, and saw 5 of its levels.

You collected 302 gold pieces.

Inventory:

Hand Weapons
 b - a +0 club
   (You took it off a hobgoblin on level 1 of the Dungeon)
Missiles
 n - 4 tomahawks of dispersal {=f}
Armour
 l - a +1 robe of the Archmagi (worn)
   (You found it on level 3 of the Dungeon)
 m - a +2 cloak of poison resistance (worn)
   (You found it on level 4 of the Dungeon)
Magical Staves
 a - an uncursed staff of conjuration (weapon) {!a}
   (You found it on level 4 of the Dungeon)
Jewellery
 h - a ring of wizardry (left hand) {Wiz+, !d}
   (You found it on level 2 of the Dungeon)
Scrolls
 g - 5 scrolls of remove curse
 i - 2 scrolls of enchant weapon
 k - a scroll of teleportation
 p - 2 scrolls of fear {unknown}
 q - a scroll of amnesia {unknown}
Potions
 e - 2 potions of heal wounds
 f - 2 potions of curing {unknown}
 j - a potion of lignification {unknown}
 r - a potion of agility
Comestibles
 c - 5 rations


   Skills:
 + Level 4.7 Fighting
 + Level 5.8 Dodging
 - Level 2.0 Stealth
 - Level 4.3 Spellcasting
 - Level 5.7 Conjurations
 - Level 7.0 Air Magic


You had 4 spell levels left.
You knew the following spells:

 Your Spells              Type           Power        Failure   Level  Hunger
a - Shock                 Conj/Air       ####         1%          1    None
b - Static Discharge      Conj/Air       ######..     1%          3    ###....
c - Blink                 Tloc           N/A          9%          2    ##.....
s - Swiftness             Chrm/Air       ###.....     2%          2    ##.....
x - Mephitic Cloud        Conj/Pois/Air  #####...     3%          3    ###....


Dungeon Overview and Level Annotations

Branches:
Dungeon (5/15)             Temple (0/1) D:5

Altars:
Qazlal
Sif Muna


Innate Abilities, Weirdness & Mutations

You have a beak for a mouth.
You have claws for feet.
You can fly.


Message History

What are your orders? t - Shout!
Orders for allies: a - Attack new target. r - Retreat! s - Stop attacking. g - Guard the area. f - Follow me.
Anything else - Cancel.
You shout for attention!
The iguana hisses angrily.
You feel a strong surge of power!
The zap hits the iguana.
You now have 14/15 mp.
You feel a strong surge of power! That beam is likely to hit you.
Continue anyway?
Okay, then.
Unknown command.
You feel a strong surge of power!
The zap misses the iguana.
The zap hits the iguana.
You now have 13/15 mp.
You feel a strong surge of power!
The zap hits the iguana.
You kill the iguana!
Sif Muna accepts your kill.
You now have 12/15 mp.
A hound skeleton comes into view.
MP restored: 15 A hound skeleton is nearby!
A hound skeleton is nearby!
Aim: a hound skeleton (resting)
You feel a strong surge of power!
The zap hits the hound skeleton.
You now have 14/15 mp.
Aim: a hound skeleton (heavily damaged)
You feel a strong surge of power!
The zap hits the hound skeleton.
The zap misses the hound skeleton.
The hound skeleton bites you but does no damage.
You now have 13/15 mp.
You feel a strong surge of power!
The hound skeleton is struck by lightning.
You destroy the hound skeleton!
Sif Muna accepts your kill.
The lightning grounds out.
You now have 10/15 mp.
Found a stormy altar of Qazlal.
You regained 2 mp, and now have 12/15 mp.
A phantom comes into view.
Found a staircase to the Ecumenical Temple.
MP restored: 15
Aim: a phantom You feel a strong surge of power!
The zap hits the phantom.
The phantom appears unharmed.
You now have 14/15 mp.
Aim: a phantom You feel a strong surge of power!
The zap hits the phantom.
You now have 13/15 mp.
The phantom blinks!
You feel a strong surge of power!
The phantom is struck by lightning.
The lightning arcs!
You are struck by lightning.
The lightning arcs!
The phantom is struck by lightning.
The lightning grounds out.
The phantom hits you but does no damage.
You take 2 damage, and have 46/48 hp.
You now have 11/15 mp.
You feel a strong surge of power!
The phantom is struck by lightning.
The lightning arcs!
You are struck by lightning.
The lightning arcs!
The phantom is struck by lightning.
The lightning grounds out.
The phantom blinks!
You take 3 damage, and have 43/48 hp.
You now have 8/15 mp.
Aim: a phantom (almost destroyed)
You feel a strong surge of power!
The zap misses the phantom.
The phantom blinks!
You now have 7/15 mp.
The phantom blinks!
The phantom hits you!
The phantom blinks!
You take 10 damage, and have 34/48 hp.
MASSIVE DAMAGE!!
You feel a strong surge of power!
The zap hits the phantom. x2
The gnoll shouts!
You now have 7/15 mp.
Aim: a gnoll, wielding a halberd You feel a strong surge of power!
The zap hits the gnoll.
You now have 6/15 mp.
A gnoll comes into view. It is wielding a club.
The centaur shouts!
The centaur shoots an arrow.
The arrow hits you but does no damage.
You see here an arrow.
The centaur shoots an arrow.
The arrow hits you.
You see here an arrow.
You take 1 damage, and have 34/48 hp.
The centaur shoots an arrow.
The arrow hits you!
You see here an arrow.
You take 10 damage, and have 24/48 hp.
MASSIVE DAMAGE!!
You are near starving!
The phantom blinks!
The centaur shoots an arrow.
The arrow closely misses you.
You see here an arrow.
The centaur shoots an arrow.
The arrow hits you!
* * * LOW HITPOINT WARNING * * *
You see here an arrow.
You take 13 damage, and have 12/48 hp.
MASSIVE DAMAGE!!
As you read the scroll of teleportation, it crumbles to dust.
You feel strangely unstable.
As you read the scroll of fog, it crumbles to dust.
The scroll dissolves into smoke.
The gnoll hits you from afar with a halberd!
You die...

........#(....#.
.⌠...⌠..#(..##... ...........c#
........#(..# .##.##.##.g.# ###
.........((# ##.####
##########g§# ###.....# ###..
#§§# ##........ #.... #§@#
##......[.. .....# ##§§##
#.......... ......# ####§.§.##
##.........
......#####....##..#####...[.....
.......#....######...##..........
.........#### ###.............
........## ##......<.....
.......## ###.........# .###...#
###.#.....####


You could see a gnoll.

Vanquished Creatures
  The ghost of anet the Fighter, an amateur GnWn of Ashenzari (D:5)
  Menkaure (D:4)
  A water moccasin (D:5)
  Purgy (D:4)
  A hornet zombie (D:5)
  An ogre (D:5)
  A centaur (D:5)
  Blork the orc (D:5)
  A howler monkey (D:4)
  A bullfrog zombie (D:3)
  A hound (D:5)
  2 orc priests (D:3)
  2 iguanas
  3 worker ants
  2 hound skeletons
  6 adders
  4 gnolls (D:5)
  5 worms
  4 leopard geckos
  14 orcs
  8 giant cockroaches
  6 goblins
  8 hobgoblins
  13 jackals
  2 quokkas
  6 bats
  4 frilled lizards
  5 kobolds
  2 leopard gecko skeletons (D:4)
  5 rats
112 creatures vanquished.

Notes
Turn   | Place    | Note
-------+----------+-------------------------------------------
     0 | D:1      | mhoghedin the Tengu Air Elementalist began the quest for the Orb.
     0 | D:1      | Reached XP level 1. HP: 10/10 MP: 4/4
   205 | D:1      | Reached XP level 2. HP: 15/15 MP: 1/6
   287 | D:1      | Reached skill level 2 in Conjurations
   642 | D:1      | Reached XP level 3. HP: 14/19 MP: 3/7
   831 | D:1      | Learned a level 2 spell: Swiftness
   835 | D:1      | Learned a level 3 spell: Static Discharge
  1655 | D:2      | Reached skill level 3 in Conjurations
  1745 | D:2      | Reached skill level 5 in Air Magic
  1745 | D:2      | Reached XP level 4. HP: 16/24 MP: 6/9
  2327 | D:3      | Reached skill level 3 in Spellcasting
  2327 | D:3      | Gained mutation: You can fly. [Tengu growth]
  2327 | D:3      | Reached XP level 5. HP: 17/28 MP: 3/10
  2598 | D:3      | Found a deep blue altar of Sif Muna.
  2604 | D:3      | Became a worshipper of Sif Muna the Loreminder
  2640 | D:3      | HP: 1/28 [orc priest/divine providence (16)]
  2723 | D:3      | Learned a level 3 spell: Mephitic Cloud
  2737 | D:3      | Reached skill level 4 in Conjurations
  2783 | D:3      | Reached skill level 6 in Air Magic
  2783 | D:3      | Reached XP level 6. HP: 32/32 MP: 5/12
  3186 | D:3      | Learned a level 2 spell: Blink
  3222 | D:4      | Noticed Menkaure
  3227 | D:4      | Noticed Purgy
  3228 | D:4      | Killed Menkaure
  3228 | D:4      | Reached skill level 4 in Spellcasting
  3228 | D:4      | Reached skill level 5 in Conjurations
  3396 | D:4      | Reached * piety under Sif Muna
  3396 | D:4      | Killed Purgy
  3396 | D:4      | Reached XP level 7. HP: 30/36 MP: 1/14
  3712 | D:4      | Reached skill level 7 in Air Magic
  4011 | D:5      | Entered Level 5 of the Dungeon
  4015 | D:5      | Reached skill level 1 in Fighting
  4015 | D:5      | Reached skill level 3 in Dodging
  4120 | D:5      | Reached skill level 2 in Fighting
  4298 | D:5      | Noticed anet's ghost (amateur GnWn)
  4327 | D:5      | Killed anet's ghost
  4327 | D:5      | Reached skill level 3 in Fighting
  4327 | D:5      | Reached skill level 4 in Dodging
  4327 | D:5      | Reached XP level 8. HP: 39/46 MP: 0/15
  4459 | D:5      | Reached skill level 5 in Dodging
  4700 | D:5      | Reached skill level 4 in Fighting
  4809 | D:5      | Noticed Blork the orc
  4818 | D:5      | Killed Blork the orc
  5124 | D:5      | Found a stormy altar of Qazlal.
  5157 | D:5      | Found a staircase to the Ecumenical Temple.
  5185 | D:5      | HP: 12/48 [centaur/arrow (13)]
  5187 | D:5      | Slain by a gnoll

Vault maps used:
D:1:      dpeg_arrival_refuge, minmay_crystal_water, minmay_misc_feat_plants,
          minmay_misc_feat_room
D:2:      minmay_misc_feat_pillars
D:3:      led_sif_pool
D:4:      minmay_cupped, uniq_purgy, uniq_menkaure
D:5:      minmay_temple_entry_large_hall, first_ration, grunt_qazlal_clouds,
          uniq_eustachio, uniq_blork_the_orc

Skill      XL: |  1  2  3  4  5  6  7  8 |
---------------+-------------------------+-----
Conjurations   | 2 3 4 5 |  5.7
Air Magic      | 5 6 7 |  7.0
Spellcasting   | 3 4 |  4.3
Fighting       | 3 4 |  4.7
Dodging        | 4 5 |  5.8
Stealth        | |  2.0

Action                   |  1- 3 |  4- 6 |  7- 9 || total
-------------------------+-------+-------+-------++-------
Melee: Club              |     2 |     7 |     3 ||    12
       Kick              |     1 |     4 |     1 ||     6
       Peck              |       |     1 |       ||     1
       Staff             |       |       |     1 ||     1
 Cast: Shock             |    68 |    58 |    66 ||   192
       Static Discharge  |       |     9 |    29 ||    38
       Mephitic Cloud    |       |     2 |     6 ||     8
       Blink             |       |     1 |       ||     1
Invok: Divine Energy     |       |       |     1 ||     1
  Use: Scroll            |     3 |     5 |     3 ||    11
       Potion            |       |     2 |       ||     2
  Eat: Chunk             |     3 |     5 |     1 ||     9
       Ration            |       |     1 |     1 ||     2
Armor: Robe              |    10 |    10 |    12 ||    32
Dodge: Dodged            |    27 |    35 |    23 ||    85

Table legend:
 A = Spawn XP
 B = Non-spawn XP
 C = Spawn XP percentage of total XP
 D = Spawn monster count
 E = Non-spawn monster count
 F = Spawn count percentage of total count
 G = Total turns spent on level
                    A         B        C        D         E        F      G
               +---------+---------+-------+---------+---------+-------+---------
         Total |       0 |    1946 |   0.0 |       0 |     112 |   0.0 |  5187
               +---------+---------+-------+---------+---------+-------+---------
           D:1 |       0 |      54 |   0.0 |       0 |      31 |   0.0 |  1335
           D:2 |       0 |      44 |   0.0 |       0 |      15 |   0.0 |   796
           D:3 |       0 |     273 |   0.0 |       0 |      32 |   0.0 |  1244
           D:4 |       0 |     474 |   0.0 |       0 |      16 |   0.0 |   793
           D:5 |       0 |    1101 |   0.0 |       0 |      18 |   0.0 |  1019
               +---------+---------+-------+---------+---------+-------+---------

Vault maps used:
D:1:      dpeg_arrival_refuge, minmay_crystal_water, minmay_misc_feat_plants,
          minmay_misc_feat_room
D:2:      minmay_misc_feat_pillars
D:3:      led_sif_pool
D:4:      minmay_cupped, uniq_purgy, uniq_menkaure
D:5:      minmay_temple_entry_large_hall, first_ration, grunt_qazlal_clouds,
          uniq_eustachio, uniq_blork_the_orc

Table legend:
 A = Turns spent in this place as a percentage of turns spent in the entire game.
 B = Non-inter-level travel turns spent in this place as a percentage of non-inter-level travel turns spent in the entire game.
 C = Inter-level travel turns spent in this place as a percentage of turns spent in this place.
 D = Turns resting spent in this place as a percentage of non-inter-level travel turns spent in this place.
 E = Turns spent auto-exploring this place as a percentage of non-inter-level travel turns spent in this place.
 F = Non-inter-level travel turns spent in this place divided by the number of levels of this place that you've seen.
                   A       B       C       D       E      F
               +-------+-------+-------+-------+-------+----------------------
         Total | 100.0 | 100.0 |   3.2 |  40.3 |  40.3 | 1004.4
       Dungeon | 100.0 | 100.0 |   3.2 |  40.3 |  40.3 | 1004.4
               +-------+-------+-------+-------+-------+----------------------

Table legend:
 A = Kills in this place as a percentage of kills in entire the game.
 B = Kills by you in this place as a percentage of kills by you in the entire game.
 C = Kills by friends in this place as a percentage of kills by friends in the entire game.
 D = Other kills in this place as a percentage of other kills in the entire game.
 E = Experience gained in this place as a percentage of experience gained in the entire game.
 F = Experience gained in this place divided by the number of levels of this place that you have seen.
                   A       B       C       D       E      F
               +-------+-------+-------+-------+-------+----------------------
         Total | 100.0 | 100.0 |   N/A | 100.0 | 100.0 | 389.2
       Dungeon | 100.0 | 100.0 |   N/A | 100.0 | 100.0 | 389.2
               +-------+-------+-------+-------+-------+----------------------
